 Dungeon Crawl Stone Soup version 0.25.0-9-g26727b657a (webtiles) character file.

Game seed: 14403001117941320353

816 mopl the Cleaver (level 7, 0/56 HPs)
             Began as a Hill Orc Skald on June 16, 2020.
             Was a Believer of Makhleb.
             Slain by an orc warrior
             ... wielding a +0 scimitar
              (11 damage)
             ... on level 5 of the Dungeon.
             The game lasted 00:05:42 (4500 turns).

mopl the Cleaver (Hill Orc Skald)                   Turns: 4500, Time: 00:05:42

Health: 0/56       AC: 12    Str: 16    XL:     7   Next: 94%
Magic:  11/11      EV:  7    Int: 13    God:    Makhleb [**....]
Gold:   201        SH:  0    Dex: 10    Spells: 8/9 levels left

rFire    . . .     SeeInvis .   a - +0 hand axe
rCold    . . .     Gourm    .   (no shield)
rNeg     . . .     Faith    .   u - +4 chain mail
rPois    .         Spirit   .   (no helmet)
rElec    .         Reflect  .   (no cloak)
rCorr    +         Harm     .   (no gloves)
MR       .....                  (no boots)
Stlth    ..........             (no amulet)
HPRegen  0.18/turn              j - ring of resist corrosion
MPRegen  0.12/turn              (no ring)

@: no status effects
A: no striking features
a: Minor Destruction, Renounce Religion


You were on level 5 of the Dungeon.
You worshipped Makhleb.
Makhleb was pleased with you.
You were very hungry.

You visited 1 branch of the dungeon, and saw 5 of its levels.

You collected 201 gold pieces.

Inventory:

Hand Weapons
 a - a +0 hand axe (weapon)
Missiles
 i - 11 poisoned darts (quivered)
 p - 3 atropa-tipped darts
Armour
 q - a +0 plate armour
 u - a +4 chain mail (worn)
Jewellery
 j - a ring of resist corrosion (left hand)
Wands
 l - a wand of disintegration (9)
 t - a wand of iceblast (3)
Scrolls
 b - a scroll of blinking {unknown}
 d - 2 scrolls of random uselessness {unknown}
 g - 2 scrolls of teleportation {unknown}
 h - 3 scrolls of remove curse {unknown}
 k - a scroll of enchant weapon {unknown}
 m - 2 scrolls of magic mapping {unknown}
 o - a scroll of noise {unknown}
 r - 2 scrolls of fear {unknown}
Potions
 e - a potion of resistance
 f - 2 potions of mutation
 n - a potion of stabbing
 s - a potion of curing
 v - a potion of haste {unknown}
Comestibles
 c - 7 rations


   Skills:
 - Level 2.4 Fighting
 * Level 9.8 Axes
 - Level 1.1 Armour
 - Level 1.5 Dodging
 - Level 1.5 Spellcasting
 - Level 2.6 Charms
 + Level 5.9 Invocations


You had 8 spell levels left.
You knew the following spells:

 Your Spells              Type           Power        Failure   Level  Hunger
a - Infusion              Chrm           #...         87%         1    ##.....

Your spell library contained the following spells:

 Spells                   Type           Power        Failure   Level  Hunger
 Song of Slaying          Chrm           #.......     95%         2    ###....
 Shroud of Golubria       Chrm/Tloc      #.....       99%         2    ###....
 Ozocubu's Armour         Chrm/Ice       #.......     100%        3    ####...
 Spectral Weapon          Hex/Chrm       #.......     100%        3    ####...


Dungeon Overview and Level Annotations

Branches:
Dungeon (5/15)
 Temple: D:4-7

Altars:
Cheibriados
Makhleb
Vehumet
Yredelemnul

Annotations:
D:3 bb


Message History

Throwing (i - inventory. (/) - cycle)
i - 13 poisoned darts (quivered)
Press: ? - help, Shift-Dir - straight line, f/p - orc warrior
Aim: an orc warrior, wielding a +0 scimitar and wearing a +0 chain mail (severely wounded)
You throw a poisoned dart. The poisoned dart hits the orc warrior.
The orc warrior is poisoned.
The orc warrior is severely wounded.
The orc warrior hits you with a +0 scimitar.
Throwing (i - inventory. (/) - cycle)
i - 12 poisoned darts (quivered)
Press: ? - help, Shift-Dir - straight line, f/p - orc warrior
Aim: an orc warrior, wielding a +0 scimitar and wearing a +0 chain mail (severely wounded, poisoned)
You throw a poisoned dart.
The poisoned dart closely misses the orc warrior.
The poisoned dart hits the orc.
The orc looks even sicker.
The orc is moderately wounded.
The orc warrior hits you with a +0 scimitar!
* * * LOW HITPOINT WARNING * * *
You barely miss the orc warrior.
The orc warrior is almost dead.
The orc warrior hits you with a +0 scimitar!
You die...

###### #....# ##### #....###
#...# #....... #.<>#
#########....### #...#######
#..@oo(o.......# #.........#
#.#######.)..#.# ##......##.#
# #......##(## ........##.#
#.####.# (# ##......##.#
#.##(# ........##.# #..#o(
........##.###########.######
..............................
######.###.#.........#########


You could see an orc warrior (poisoned) and 2 orcs.

Vanquished Creatures
  Eustachio (D:4)
  An ogre (D:5)
  Blork the orc (D:4)
  A bullfrog (D:4)
  2 hounds (D:4)
  2 orc wizards (D:3)
  An iguana (D:5)
  Ijyb (D:4)
  3 worker ants (D:4)
  A statue (D:5)
  3 gnolls
  11 adders
  An adder skeleton (D:4)
  4 worms
  A dart slug (D:1)
  A leopard gecko (D:2)
  6 orcs
  4 giant cockroaches
  7 hobgoblins
  2 quokkas
  4 bats
  A frilled lizard (D:3)
  10 goblins
  4 kobolds (D:3)
  4 rats
77 creatures vanquished.

Notes
Turn   | Place    | Note
-------+----------+-------------------------------------------
     0 | D:1      | mopl the Hill Orc Skald began the quest for the Orb.
     0 | D:1      | Reached XP level 1. HP: 18/18 MP: 3/3
   160 | D:1      | Reached skill level 3 in Axes
   416 | D:2      | Found a faded altar of an unknown god.
   423 | D:2      | Became a worshipper of Makhleb the Destroyer
   423 | D:2      | Reached * piety under Makhleb
   568 | D:2      | Reached XP level 2. HP: 25/25 MP: 4/4
   634 | D:2      | Reached skill level 4 in Axes
   883 | D:2      | Reached XP level 3. HP: 30/30 MP: 5/5
  1076 | D:2      | Reached skill level 1 in Invocations
  1194 | D:2      | Reached skill level 5 in Axes
  1591 | D:3      | Reached XP level 4. HP: 37/37 MP: 6/6
  2067 | D:3      | Reached ** piety under Makhleb
  2067 | D:3      | Reached skill level 6 in Axes
  2067 | D:3      | Reached XP level 5. HP: 33/42 MP: 7/7
  2336 | D:3      | Noticed a phantom
  2745 | D:4      | Found a basalt altar of Yredelemnul.
  2838 | D:4      | Reached skill level 7 in Axes
  2838 | D:4      | Reached XP level 6. HP: 45/50 MP: 8/8
  3244 | D:4      | Noticed Eustachio
  3282 | D:4      | Killed Eustachio
  3282 | D:4      | Reached skill level 8 in Axes
  3282 | D:4      | Reached XP level 7. HP: 30/56 MP: 10/10
  3668 | D:4      | Reached skill level 5 in Invocations
  3702 | D:4      | Noticed Blork the orc
  3882 | D:4      | Killed Blork the orc
  3882 | D:4      | Reached skill level 9 in Axes
  4026 | D:4      | Noticed Ijyb
  4040 | D:4      | Killed Ijyb
  4126 | D:5      | Entered Level 5 of the Dungeon
  4141 | D:5      | Found a radiant altar of Vehumet.
  4454 | D:5      | Found a snail-covered altar of Cheibriados.
  4500 | D:5      | Slain by an orc warrior

Illustrated notes

Levels and vault maps discovered:
D:1:      lemuel_arrival_lava_pool, layout_rooms
D:2:      cheibrodos_greedy_goblins, layout_basic,
          chequers_ecumenical_altar_simple, minmay_pentomino_p4
D:3:      layout_basic, first_ration
D:4:      layout_basic, overflow_temple_1_default, grunt_ministairs_14,
          st_stairs_3, uniq_eustachio, uniq_ijyb, uniq_blork_the_orc
D:5:      minmay_goblin_kobold_castle, layout_basic, vehumet_statue,
          minmay_temple_entry_enclosed_plants, basic_altar

Skill      XL: |  1  2  3  4  5  6  7 |
---------------+----------------------+-----
Axes           | 3 4 5 6 7 8 9 |  9.8
Invocations    | 1 2 3 4 5 |  5.9
Fighting       | |  2.4
Armour         | |  1.1
Dodging        | |  1.5
Spellcasting   | |  1.5
Charms         | |  2.6

Action                   |  1- 3 |  4- 6 |  7- 9 || total
-------------------------+-------+-------+-------++-------
Melee: Hand axe          |   112 |   216 |   106 ||   434
Throw: Dart              |       |       |    44 ||    44
Invok: Minor Destruction |       |       |     2 ||     2
  Use: Scroll            |       |     4 |     1 ||     5
       Potion            |       |     1 |       ||     1
  Eat: Chunk             |     2 |     3 |     2 ||     7
       Ration            |       |     1 |       ||     1
Armor: Leather armour    |     1 |       |       ||     1
       Ring mail         |    31 |       |       ||    31
       Scale mail        |    11 |    71 |    14 ||    96
       Plate armour      |       |       |    22 ||    22
       Chain mail        |       |       |     8 ||     8
Dodge: Dodged            |    41 |    86 |    42 ||   169
